 Dungeon Crawl Stone Soup version 0.26.0-10-g1f06aea511 (webtiles) character file.

Game seed: 12815483437936802329

283 dohliylev the Cudgeller (level 6, 0/39 HPs)
             Began as a Gargoyle Fighter on Jan 17, 2021.
             Killed from afar by Natasha (8 damage)
             ... with a magic dart
             ... on level 3 of the Dungeon.
             The game lasted 00:06:23 (2639 turns).

dohliylev the Cudgeller (Gargoyle Fighter)          Turns: 2639, Time: 00:06:24

Health: 0/39       AC: 11    Str: 21    XL:     6   Next: 28%
Magic:  6/6        EV:  8    Int:  9    God:
Gold:   179        SH:  9    Dex:  9    Spells: 5/5 levels left

rFire    . . .     SeeInvis .   a - +0 flail
rCold    . . .     Faith    .   c - +0 kite shield
rNeg     + . .     Spirit   .   b - +0 scale mail
rPois    ∞         Reflect  .   (no helmet)
rElec    +         Harm     .   (no cloak)
rCorr    .         Rampage  .   (no gloves)
Will     .....                  (no boots)
Stlth    ..........             (no amulet)
HPRegen  0.13/turn              (no ring)
MPRegen  0.10/turn              (no ring)

@: slowed, very slow
A: negative energy resistance 1, electricity resistance, unbreathing,
petrification resistance, miasma immunity, AC +4
a: no special abilities


You were on level 3 of the Dungeon.
You visited 1 branch of the dungeon, and saw 3 of its levels.

You collected 179 gold pieces.

Inventory:

Hand Weapons
 a - a +0 flail (weapon)
Armour
 b - a +0 scale mail (worn)
 c - a +0 kite shield (worn)
Scrolls
 e - 2 scrolls of fog {unknown}
 g - 2 scrolls of identify {unknown}
 h - 2 scrolls of teleportation {unknown}
 j - 2 scrolls of remove curse {unknown}
 l - a scroll of magic mapping {unknown}
 n - a scroll of enchant weapon {unknown}
Potions
 d - a potion of might
 f - a potion of resistance {unknown}
 i - 2 potions of curing {unknown}
 k - a potion of brilliance {unknown}
 m - a potion of attraction {unknown}


   Skills:
 + Level 4.3 Fighting
 + Level 5.1 Maces & Flails
 - Level 3.4 Armour
 + Level 1.4 Dodging
 - Level 3.5 Shields


You had 5 spell levels left.
You didn't know any spells.
Your spell library was empty.

Dungeon Overview and Level Annotations

Branches:
Dungeon (3/15)

Altars:
Dithmenos
Hepliaklqana

Annotations:
D:3 Natasha


Innate Abilities, Weirdness & Mutations

You are resistant to torment.
Your stone body is resilient. (AC +4)
You are immune to poison.
You resist negative energy. (rN+)
You are resistant to electric shocks. (rElec)
You can survive without breathing.
You are immune to petrification.
You are immune to miasma.


Message History

You barely miss something. Something claws you.
You hear some strange, mumbled words.
A magic dart appears from out of thin air!
The magic dart hits you!
You barely miss something. Something claws you. You block something's attack.
Something claws you. Something claws you.
You feel yourself speed up. You block something's attack.
You hear some strange, mumbled words.
You feel yourself slow down.
A magic dart appears from out of thin air!
The magic dart hits you.
* * * LOW HITPOINT WARNING * * *
A magic dart appears from out of thin air!
The magic dart hits you.
* * * LOW HITPOINT WARNING * * *
A magic dart appears from out of thin air!
The magic dart hits you!
You die...

#.###.########### #.#
#............
#.###.########### ##...##
## ### ##.############.
###### #.#
##....<<........ .....#
#.########.....#########)
####.####....5.........#
## #........{...@......#
###############.....#
#.....# #######


You could see a crimson imp (summoned).

Vanquished Creatures
  An ogre (D:3)
  A jelly (D:2)
  An orc wizard (D:3)
  Terence (D:3)
  2 adders (D:2)
  An ooze (D:2)
  2 worms
  2 dart slugs (D:1)
  5 leopard geckos
  2 orcs (D:3)
  2 giant cockroaches (D:1)
  9 goblins
  9 hobgoblins
  10 jackals
  A ball python (D:3)
  7 bats
  7 frilled lizards
  10 kobolds
  12 rats
85 creatures vanquished.

Notes
Turn   | Place    | Note
-------+----------+-------------------------------------------
     0 | D:1      | dohliylev the Gargoyle Fighter began the quest for the Orb.
     0 | D:1      | Reached XP level 1. HP: 14/14 MP: 1/1
    99 | D:1      | Reached XP level 2. HP: 19/19 MP: 2/2
   390 | D:1      | Reached XP level 3. HP: 17/24 MP: 3/3
  1036 | D:2      | Reached skill level 3 in Maces & Flails
  1136 | D:2      | Reached XP level 4. HP: 27/29 MP: 4/4
  1372 | D:2      | Reached skill level 1 in Dodging
  1539 | D:2      | Reached XP level 5. HP: 22/33 MP: 5/5
  1689 | D:2      | Found a hazy altar of Hepliaklqana.
  1849 | D:3      | Noticed Terence
  1864 | D:3      | Killed Terence
  1865 | D:3      | Reached skill level 4 in Maces & Flails
  1865 | D:3      | Noticed an ogre
  1892 | D:3      | Killed an ogre
  1893 | D:3      | Reached XP level 6. HP: 11/38 MP: 6/6
  2177 | D:3      | Found a shadowy altar of Dithmenos.
  2309 | D:3      | Reached skill level 5 in Maces & Flails
  2617 | D:3      | Noticed Natasha
  2639 | D:3      | Killed from afar by Natasha

Illustrated notes

Levels and vault maps discovered:
D:1:      scummos_arrival_checkerplants, layout_basic
D:2:      layout_basic, nzn_hepliaklqana_mist_gate
D:3:      kennysheep_six_static_rooms, layout_loops_ring, old_standard_altar,
          uniq_natasha, uniq_terence

Skill      XL: |  1  2  3  4  5  6 |
---------------+-------------------+-----
Maces & Flails | 3 4 5 |  5.1
Dodging        | 1 |  1.4
Fighting       | 4 |  4.3
Armour         | |  3.4
Shields        | |  3.5

Action                   |  1- 3 |  4- 6 || total
-------------------------+-------+-------++-------
Melee: Flail             |   154 |   150 ||   304
Armor: Scale mail        |   103 |    80 ||   183
Dodge: Dodged            |    51 |    32 ||    83
Block: Kite shield       |   108 |    77 ||   185
